 Dungeon Crawl Stone Soup version 0.26-a0-712-ga5a9c9c9d0 (webtiles) character file.

Game seed: 422098580683032313

32 Descartes the Sneak (level 3, -6/14 HPs)
             Began as a Felid Enchanter on Oct 31, 2020.
             Mangled by a worm (9 damage)
             ... on level 2 of the Dungeon.
             The game lasted 00:01:34 (1921 turns).

Descartes the Sneak (Felid Enchanter)               Turns: 1921, Time: 00:01:34

Health: -6/14      AC:  1    Str:  5    XL:     3   Next: 10%
Magic:  7/7        EV: 19    Int: 16    God:
Gold:   109        SH:  0    Dex: 16    Spells: 5/6 levels left
                                        Lives:  0   Deaths: 0

rFire    . . .     SeeInvis +     - Unarmed
rCold    . . .     Faith    .   (shield unavailable)
rNeg     . . .     Spirit   .   (armour unavailable)
rPois    .         Reflect  .   (helmet unavailable)
rElec    .         Harm     .   (cloak unavailable)
rCorr    .         Rampage  .   (gloves unavailable)
MR       .....                  (boots unavailable)
Stlth    +++.......             (no amulet)
HPRegen  0.04/turn              (no ring)
MPRegen  0.10/turn              (no ring)

@: quick
A: very small, no armour, no weapons or thrown items, stealth, claws 1, fangs 3,
see invisible, speed 1, shaggy fur 1, sharp paws
a: no special abilities


You were on level 2 of the Dungeon.
You visited 1 branch of the dungeon, and saw 2 of its levels.

You collected 109 gold pieces.

Inventory:

Missiles
 c - 91 stones
 h - 20 arrows
Scrolls
 a - a scroll of noise {unknown}
 b - 2 scrolls of remove curse {unknown}
 d - a scroll of enchant weapon {unknown}
 e - 2 scrolls of identify {unknown}
 f - a scroll of magic mapping {unknown}
 i - a scroll of random uselessness {unknown}
Potions
 g - a potion of curing {unknown}


   Skills:
 + Level 3.6 Dodging
 + Level 4.7 Stealth
 + Level 1.8 Unarmed Combat
 - Level 2.0 Spellcasting
 - Level 4.4 Hexes


You had 5 spell levels left.
You knew the following spells:

 Your Spells              Type           Power        Failure   Level
a - Corona                Hex            ###....      3%          1

Your spell library contained the following spells:

 Spells                   Type           Power        Failure   Level
 Confusing Touch          Hex            ###.....     11%         3
 Tukima's Dance           Hex            ###.....     11%         3
 Ensorcelled Hibernation  Hex/Ice        #.....       13%         2
 Dazzling Flash           Conj/Hex       #.....       26%         3


Dungeon Overview and Level Annotations

Branches:
Dungeon (2/15)

Altars:


Innate Abilities, Weirdness & Mutations

You cannot wear armour.
You are incapable of wielding weapons or throwing items.
Your paws allow you to move quietly. (Stealth)
You have sharp claws.
You have razor-sharp teeth.
You have supernaturally acute eyesight. (SInv)
You cover ground quickly.
You are covered in fur. (AC +1)
Your sharp claws are effective at attacking unaware monsters.


Message History

The worm closely misses you.
You scratch the worm.
The worm is heavily wounded.
You scratch the worm.
The worm is heavily wounded.
The worm bites you!
Ouch! That really hurt!
* * * LOW HITPOINT WARNING * * *
You are too injured to fight recklessly!
You are too injured to fight recklessly!
You are too injured to fight recklessly!
You are too injured to fight recklessly!
You are too injured to fight recklessly!
You scratch the worm.
The worm is severely wounded.
You scratch the worm.
The worm is almost dead.
The worm bites you!
Ouch! That really hurt!
You die...

######## #......# #......#
#......# #......# #..w@..########
####.............# ..
..##.............# ..
#.##.............#
#.#####.##.............#
#.#....................# ##
#.#.#<..........#############.
#.#.#>..........'.............
#.##.#.#...........########[####.


You could see a worm.

Vanquished Creatures
  A dart slug (D:1)
  A leopard gecko (D:2)
  3 giant cockroaches
  4 goblins
  5 hobgoblins
  2 jackals (D:2)
  7 bats
  A frilled lizard (D:2)
  A kobold (D:1)
  2 rats (D:2)
27 creatures vanquished.

Notes
Turn   | Place    | Note
-------+----------+-------------------------------------------
     0 | D:1      | Descartes the Felid Enchanter began the quest for the Orb.
     0 | D:1      | Reached XP level 1. HP: 7/7 MP: 4/4
   400 | D:1      | Reached XP level 2. HP: 6/11 MP: 6/6
  1508 | D:2      | Reached XP level 3. HP: 14/14 MP: 7/7
  1921 | D:2      | Mangled by a worm

Illustrated notes

Levels and vault maps discovered:
D:1:      eino_arrival_tree_alley, layout_basic, ebering_dispersal_statue_hall,
          kennysheep_another_room, skrybe_limestone_x, hangedman_decor_growths
D:2:      layout_basic, lightli_temple_of_fire, serial_glass, glass_columns_a,
          glass_columns_b, minmay_strange_pillars, due_unseen_surprise,
          item_on_display_a

Skill      XL: |  1 |
---------------+----+-----
Dodging        | 3 |  3.6
Stealth        | |  4.7
Unarmed Combat | |  1.8
Spellcasting   | |  2.0
Hexes          | |  4.4

Action                   || total
-------------------------++-------
Melee: Unarmed           ||   109
       Bite              ||     7
 Stab: Sleeping          ||    10
Armor: Skin              ||    10
Dodge: Dodged            ||    91

Table legend: (Time is in decaauts)
 A = Elapsed time spent in this place.
 B = Non-inter-level travel time spent in this place.
 C = Inter-level travel time spent in this place.
 D = Time resting spent in this place.
 E = Time spent auto-exploring this place.
 F = Levels seen in this place.
 G = Mean time per level.
                   A        B        C        D        E       F      G
               +--------+--------+--------+--------+--------+-----+--------+
         Total |   1712 |   1695 |     17 |      0 |   1481 |   2 |  856.0 |
       Dungeon |   1712 |   1695 |     17 |      0 |   1481 |   2 |  856.0 |
               +--------+--------+--------+--------+--------+-----+--------+

Top non-repeatable levels by time:
     D:2: 888 daAuts
     D:1: 824 daAuts
